[Event "Titled Tuesday Blitz August 08 Early 2023"]
[White "Lopez Del Alamo, Antonio"]
[Black "Vaibhav Jayant Raut"]
[WhiteFideId "2227339"]
[BlackFideId "5089034"]
[WhiteElo "2380"]
[BlackElo "2619"]
[Result "1-0"]
[Round "9"]
[TimeControl "180+1"]
[Date "2023.08.08"]
[WhiteClock "0:00:08"]
[BlackClock "0:00:11"]
[Board "80"]

1. e4 c5 2. Nf3 d6 3. d4 cxd4 4. Nxd4 Nf6 5. Nc3 Nc6 6. Bg5 e6 7. Bb5 Bd7 8. Bxc6 bxc6 9. Qf3 Be7 10. e5 dxe5 11. Nxc6 Qc8 12. Nxe7 Kxe7 13. Ne4 Qxc2 14. Bxf6+ Kf8 15. Bxe5 Bc6 16. Qa3+ Kg8 17. O-O Qxe4 18. Qg3 f6 19. Bc3 Qg6 20. Qh3 Kf7 21. f3 Rhd8 22. Rad1 Qc2 23. Rxd8 Rxd8 24. Re1 e5 25. Qg3 Rd1 26. a3 Bb5 27. Rxd1 Qxd1+ 28. Qe1 Qd3 29. h3 Bc6 30. Qf2 a6 31. Kh2 Qc4 32. Qb6 h5 33. Qe3 h4 34. Qf2 g5 35. Qe3 Qd5 36. Qf2 Bb7 37. Qe3 Kg6 38. Bd2 Qd4 39. Qc3 Bd5 40. Qc1 e4 41. Be3 Qe5+ 42. f4 Qf5 43. Qd2 gxf4 44. Bxf4 e3 45. Qxe3 Qe4 46. Qf2 Qf5 47. Qxh4 Qc2 48. Qg3+ Kf5 49. Qg4+ Ke4 50. Bg5+ Kd3 51. Qf5+ Be4 52. Qf1+ Kd4 53. Bxf6+ Kd5 54. Bc3 a5 55. h4 a4 56. h5 Kc6 57. h6 Kd5 58. Kg3 Kc6 59. Kh4 Bg6 60. Kg5 Qe4 61. Qf6+ Kb5 62. Qxg6 Qxg2+ 63. Kf6 Qc6+ 64. Kg7 Qd7+ 65. Qf7 Qg4+ 66. Kf8 Qc8+ 67. Qe8+ Qc6 68. Qxc6+ Kxc6 69. h7 Kb5 70. h8=Q Kc4 71. Qd4+ Kb3 72. Qb4+ Ka2 73. Qxa4 Ka1 74. Qb4 Ka2 75. a4 Ka1 76. a5 Ka2 77. a6 Kb1 78. a7 Ka2 79. a8=Q+ Kb1 80. Qae4+ Kc1 81. Qe1+ Kc2 82. Qa4+ Kd3 83. Qd2# 1-0


[Site "https://www.chess.com"]

[Event "Titled Tuesday Blitz August 08 Early 2023"]
[White "Colbow, Collin"]
[Black "Preobrazhenska_D2011"]
[WhiteFideId "16201132"]
[WhiteElo "2599"]
[BlackElo "2302"]
[Result "1-0"]
[Round "9"]
[TimeControl "180+1"]
[Date "2023.08.08"]
[WhiteClock "0:00:21"]
[BlackClock "0:00:07"]
[Board "81"]

1. d4 Nf6 2. Nc3 d5 3. Bf4 c5 4. e3 a6 5. Qd2 Nc6 6. O-O-O c4 7. f3 b5 8. e4 b4 9. Nxd5 Nxd5 10. exd5 Qxd5 11. c3 a5 12. Ne2 Bf5 13. Bg3 e6 14. Nf4 Qb5 15. d5 O-O-O 16. Qe2 bxc3 17. bxc3 Ba3+ 18. Kd2 Qb2+ 19. Ke1 Qxc3+ 20. Qd2 Qxd2+ 21. Rxd2 c3 22. Ba6+ Kb8 23. Re2 e5 24. dxc6 exf4 25. Bxf4+ Ka7 26. c7 Rde8 27. Bb5 Rxe2+ 28. Kxe2 c2 29. Be3+ Kb7 30. Bd3 Bxd3+ 31. Kxd3 Kxc7 32. Kxc2 Bb4 33. Bd2 Bxd2 34. Kxd2 Rd8+ 35. Kc3 Kb6 36. Rb1+ Kc5 37. a4 Re8 38. Rb5+ Kc6 39. Rxa5 Re2 40. Ra7 Rxg2 41. Rxf7 Rxh2 42. Rxg7 Rh3 43. Rf7 Kb6 44. Rf5 h5 45. a5+ Ka6 46. Kb4 Rh1 47. Rf6+ Ka7 48. Rh6 Rb1+ 49. Kc5 Rc1+ 50. Kd4 Rd1+ 51. Ke3 Rh1 52. f4 h4 53. Kf3 Ra1 54. Rxh4 Rxa5 55. Rh6 Kb7 56. Rd6 Kc7 57. Rd4 Ra1 58. Ke4 Re1+ 59. Kf5 Rf1 60. Kg5 Rg1+ 61. Kf6 Rf1 62. f5 Rf2 63. Kg6 Rg2+ 64. Kf7 Rf2 65. f6 Rf3 66. Kg7 Rg3+ 67. Kf8 Rf3 68. f7 Rf2 69. Ke7 Re2+ 70. Kf6 Rf2+ 71. Ke6 Re2+ 72. Kf5 Rf2+ 73. Rf4 Rxf4+ 74. Kxf4 1-0


[Site "https://www.chess.com"]

[Event "Titled Tuesday Blitz August 08 Early 2023"]
[White "Srihari L R"]
[Black "Nathan, Nitish"]
[WhiteFideId "46617116"]
[BlackFideId "30927870"]
[WhiteElo "2746"]
[BlackElo "2412"]
[Result "1/2-1/2"]
[Round "9"]
[TimeControl "180+1"]
[Date "2023.08.08"]
[WhiteClock "0:00:50"]
[BlackClock "0:00:54"]
[Board "82"]

1. g3 d5 2. Bg2 Bf5 3. d3 e6 4. Nd2 Nf6 5. e4 Bg6 6. Ne2 Be7 7. O-O O-O 8. h3 c5 9. f4 h6 10. g4 dxe4 11. dxe4 Nc6 12. Kh2 Qc7 13. Ng3 Rad8 14. c3 Rd3 15. Qe2 Rfd8 16. e5 Ne8 17. Nde4 c4 18. f5 Bh7 19. f6 Bf8 20. fxg7 Bxg7 21. Bf4 Bxe5 22. Bxe5 Qxe5 23. Qf2 f5 24. gxf5 exf5 25. Kh1 Ng7 26. Rae1 fxe4 27. Nxe4 Bxe4 28. Qf7+ Kh8 29. Qf8+ Rxf8 30. Rxf8+ Kh7 31. Bxe4+ Qxe4+ 32. Rxe4 Rd1+ 33. Kg2 Rd2+ 34. Rf2 Rxf2+ 35. Kxf2 b5 36. a4 a6 37. axb5 axb5 38. Rf4 Kg6 39. Rf8 Nf5 40. Rc8 Ne5 41. Rb8 Nd3+ 42. Ke2 Nxb2 43. Rxb5 Nd3 44. Kf3 Kg5 1/2-1/2


[Site "https://www.chess.com"]

[Event "Titled Tuesday Blitz August 08 Early 2023"]
[White "Bach Ngoc Thuy Duong"]
[Black "Vaibhav, Suri"]
[WhiteFideId "12408956"]
[BlackFideId "5045185"]
[WhiteElo "2488"]
[BlackElo "2721"]
[Result "1-0"]
[Round "9"]
[TimeControl "180+1"]
[Date "2023.08.08"]
[WhiteClock "0:00:08"]
[BlackClock "0:01:07"]
[Board "83"]

1. d4 Nf6 2. c4 e6 3. Nc3 c5 4. d5 exd5 5. cxd5 g6 6. e4 Bg7 7. f4 O-O 8. e5 Nh5 9. Nf3 d6 10. Be3 Bg4 11. Be2 Bxf3 12. Bxf3 dxe5 13. fxe5 Bxe5 14. Bxh5 Qh4+ 15. Bf2 Qxh5 16. Qxh5 gxh5 17. Bxc5 Rc8 18. Bf2 Rxc3 19. bxc3 Bxc3+ 20. Ke2 Bxa1 21. Rxa1 Nd7 22. Rc1 Nf6 23. d6 Rd8 24. Rc7 Rxd6 25. Rxb7 a6 26. h3 Kg7 27. Be3 Kg6 28. Kf3 Nd5 29. Bd4 f6 30. Bb2 Rc6 31. Rd7 Nb6 32. Rd3 Nc4 33. Bc3 Nd6 34. Bd2 Nf7 35. Bf4 Kf5 36. g4+ hxg4+ 37. hxg4+ Kg6 38. a3 Rc4 39. Rd7 Ra4 40. Rd3 h6 41. Rc3 Ra5 42. Kg3 Ng5 43. Bxg5 hxg5 44. Rd3 Ra4 45. Re3 Kf7 46. Rd3 Ke6 47. Re3+ Kd6 48. Rf3 Ke5 49. Rf5+ Ke6 50. Rf3 a5 51. Re3+ Kd5 52. Rf3 Ke5 53. Re3+ Re4 54. Rc3 a4 55. Rf3 Rf4 56. Rxf4 gxf4+ 57. Kf3 Kd4 58. Kxf4 Kc3 59. Kf5 Kb3 60. Kxf6 Kxa3 61. g5 Kb3 62. g6 a3 63. g7 a2 64. g8=Q+ Kc2 65. Qxa2+ 1-0


[Site "https://www.chess.com"]

[Event "Titled Tuesday Blitz August 08 Early 2023"]
[White "Kuznetsov, Mikhail"]
[Black "Djordjevic, Vuk"]
[WhiteFideId "4117190"]
[BlackFideId "902098"]
[WhiteElo "2487"]
[BlackElo "2695"]
[Result "0-1"]
[Round "9"]
[TimeControl "180+1"]
[Date "2023.08.08"]
[WhiteClock "0:00:03"]
[BlackClock "0:00:06"]
[Board "84"]

1. Nf3 Nf6 2. g3 e6 3. Bg2 d5 4. O-O Be7 5. d4 O-O 6. c4 dxc4 7. Qa4 a6 8. Qxc4 b5 9. Qc2 Bb7 10. Bg5 Nc6 11. Rd1 Rc8 12. e3 Nb4 13. Qe2 h6 14. Bxf6 Bxf6 15. a3 Nd5 16. e4 Nb6 17. Nbd2 Bxd4 18. Nb3 c5 19. Nfxd4 cxd4 20. Rxd4 Qc7 21. Rad1 Rfd8 22. Rxd8+ Rxd8 23. Rxd8+ Qxd8 24. Nc5 Qc7 25. b4 Nc4 26. Qd3 Bc8 27. f4 Bb7 28. Kf2 g6 29. e5 Bxg2 30. Kxg2 Qc6+ 31. Kg1 Qa8 32. Nb3 Nxa3 33. Nc5 Nc4 34. h3 a5 35. bxa5 Qxa5 36. Nd7 Qe1+ 37. Kg2 Qd2+ 38. Qxd2 Nxd2 39. Nf6+ Kg7 40. Kf2 b4 41. Ke2 Nc4 42. Kd3 b3 43. Ne4 b2 44. Kc2 h5 45. Nd6 Ne3+ 46. Kxb2 Nf1 47. Ne4 Nh2 48. Kc2 h4 49. gxh4 Nf3 50. h5 gxh5 51. Kd3 Kg6 52. Ke3 Nh4 53. Nd6 Ng2+ 54. Kf3 Ne1+ 55. Ke4 Ng2 56. f5+ Kg5 57. fxe6 fxe6 58. Kf3 Nh4+ 59. Ke4 Ng6 60. Nf7+ Kh4 61. Nd8 Nf8 62. Kf4 Kxh3 63. Kg5 h4 64. Kf6 Kg3 65. Kf7 h3 66. Kxf8 h2 67. Nxe6 h1=Q 68. Ng7 Qa8+ 69. Kf7 Qb7+ 70. Kf6 Qb2 71. Kf5 Qc2+ 72. Kf6 Qc3 73. Kf5 Qf3+ 74. Kg6 Kf4 75. e6 Ke5 76. e7 Qf6+ 77. Kh7 Qxe7 78. Kg6 Qf6+ 79. Kh7 Qg5 80. Kh8 Kf6 81. Ne8+ Kf7 82. Nd6+ Kf8 83. Nf7 Qg8# 0-1


[Site "https://www.chess.com"]

[Event "Titled Tuesday Blitz August 08 Early 2023"]
[White "Iljin, Timofey"]
[Black "Agibileg, Uurtsaikh"]
[WhiteFideId "14110180"]
[BlackFideId "4901606"]
[WhiteElo "2478"]
[BlackElo "2663"]
[Result "1-0"]
[Round "9"]
[TimeControl "180+1"]
[Date "2023.08.08"]
[WhiteClock "0:00:17"]
[BlackClock "0:00:34"]
[Board "85"]

1. d4 Nf6 2. c4 g6 3. Nc3 Bg7 4. e4 d6 5. f4 O-O 6. Nf3 c5 7. d5 e6 8. Be2 exd5 9. cxd5 Bg4 10. e5 Nfd7 11. exd6 Nf6 12. O-O Qxd6 13. Nb5 Qb6 14. a4 a6 15. Na3 Qd8 16. d6 b5 17. axb5 axb5 18. Be3 Nbd7 19. Bxb5 Ne4 20. Nc4 Rxa1 21. Qxa1 Nb6 22. Nfe5 Nxc4 23. Bxc4 Nxd6 24. Bxf7+ Rxf7 25. Nxg4 Nc4 26. Bxc5 Nd2 27. Rd1 Rxf4 28. Be3 Bd4 29. Nh6+ Kg7 30. Bxd4+ Qxd4+ 31. Kh1 Kxh6 32. Qc1 Qd3 33. b4 Rf1+ 34. Rxf1 Qxf1+ 35. Qxf1 Nxf1 36. b5 Ng3+ 37. hxg3 1-0


[Site "https://www.chess.com"]

[Event "Titled Tuesday Blitz August 08 Early 2023"]
[White "Godzwon, Iwo"]
[Black "favesaul"]
[WhiteFideId "21802483"]
[WhiteElo "2661"]
[BlackElo "2470"]
[Result "1/2-1/2"]
[Round "9"]
[TimeControl "180+1"]
[Date "2023.08.08"]
[WhiteClock "0:00:26"]
[BlackClock "0:00:08"]
[Board "86"]

1. e4 c5 2. Nf3 e6 3. c3 d5 4. exd5 Qxd5 5. d4 Nf6 6. Na3 Qd8 7. Bf4 Nc6 8. dxc5 Qxd1+ 9. Rxd1 Bxc5 10. Nb5 O-O 11. Be2 a6 12. Bd6 Bxd6 13. Nxd6 b5 14. O-O Bd7 15. Ng5 Rfb8 16. Bf3 e5 17. Nde4 Nxe4 18. Bxe4 Be8 19. Bxh7+ Kf8 20. Be4 b4 21. c4 Ra7 22. f4 exf4 23. Rxf4 Re7 24. Rd6 Ne5 25. Bd5 Nd3 26. Rf1 Kg8 27. b3 Nc5 28. Kf2 a5 29. Kf3 a4 30. Ne4 axb3 31. Nxc5 bxa2 32. Nb3 Ba4 33. c5 Rbe8 34. Kg4 Re4+ 35. Bxe4 Rxe4+ 36. Kf3 Rc4 37. Na1 Rxc5 38. Ra6 b3 39. Rxa4 b2 40. Rxa2 Rc1 41. Rxb2 Rxf1+ 42. Kg4 Rxa1 43. h4 g6 44. Kh3 Kg7 45. g4 Ra3+ 46. Kg2 Rc3 47. Rb4 Ra3 48. g5 Rc3 49. Rf4 Ra3 1/2-1/2


[Site "https://www.chess.com"]

[Event "Titled Tuesday Blitz August 08 Early 2023"]
[White "Rosh Jain"]
[Black "Hua, Lefong"]
[WhiteFideId "25789465"]
[BlackFideId "2602253"]
[WhiteElo "2479"]
[BlackElo "2643"]
[Result "0-1"]
[Round "9"]
[TimeControl "180+1"]
[Date "2023.08.08"]
[WhiteClock "0:02:26"]
[BlackClock "0:01:50"]
[Board "87"]

1. e4 c5 2. Nf3 g6 3. d4 cxd4 4. Nxd4 Bg7 5. Nc3 Nc6 6. Be3 Nf6 7. Qd2 O-O 8. f3 d5 9. exd5 Nxd5 10. Nxd5 Qxd5 11. O-O-O Qxa2 12. Qc3 Rd8 13. b3 Bf5 14. Bb5 Nxd4 15. Bxd4 Bxd4 16. Rxd4 Rxd4 17. g4 Rc8 18. Bc4 Qxc2+ 19. Qxc2 Bxc2 20. Kxc2 b5 0-1


[Site "https://www.chess.com"]

[Event "Titled Tuesday Blitz August 08 Early 2023"]
[White "slidingknight2775"]
[Black "Piesik, Piotr"]
[BlackFideId "1136194"]
[WhiteElo "2469"]
[BlackElo "2638"]
[Result "0-1"]
[Round "9"]
[TimeControl "180+1"]
[Date "2023.08.08"]
[WhiteClock "0:00:10"]
[BlackClock "0:00:12"]
[Board "88"]

1. d4 c5 2. c3 Nf6 3. Nf3 d5 4. e3 Bf5 5. dxc5 e6 6. b4 Be7 7. Bb2 O-O 8. a3 b6 9. cxb6 axb6 10. Nbd2 Nbd7 11. c4 Ne4 12. cxd5 exd5 13. Be2 Bf6 14. Bxf6 Qxf6 15. Nxe4 dxe4 16. Nd4 Bg6 17. O-O Ne5 18. Kh1 Rfc8 19. Rc1 h5 20. Rxc8+ Rxc8 21. Bxh5 Bxh5 22. Qxh5 Qxf2 23. Qe2 Qh4 24. h3 Rc3 25. Nf5 Qg5 26. Nd6 Rxe3 27. Qa2 Qg6 28. Nf5 Qg5 29. h4 Rf3 30. hxg5 Rxf1+ 31. Kh2 Rxf5 32. Qe2 Rf4 33. Kg3 Ng6 34. a4 e3 35. a5 Rxb4 36. a6 Ra4 37. Qxe3 Rxa6 38. Qe8+ Nf8 39. Qb5 Ra5 40. Qxb6 Rxg5+ 41. Kh2 Rg6 42. Qb5 Ne6 43. Qb8+ Kh7 44. Qb1 Kh6 45. Qc1+ Rg5 46. Qc6 Kh7 47. Qc2+ g6 48. Qf2 Rh5+ 49. Kg1 Kg7 50. Qb2+ Kh7 51. Qf2 Rf5 52. Qb2 Ng5 53. Qb7 Kg7 54. Qd7 Ne4 55. Qd4+ Nf6 56. Qb2 g5 57. Qc2 Re5 58. Qc3 Ng4 59. Kf1 f6 60. Qc7+ Kg6 61. Qc2+ Kh6 62. Qc6 Ne3+ 63. Kf2 Kg6 64. Qa6 Nf5 65. Kg1 g4 66. Kf2 g3+ 67. Kf3 Kg5 68. Qa3 Re3+ 69. Qxe3+ Nxe3 70. Kxe3 Kg4 71. Ke4 f5+ 72. Ke3 f4+ 73. Ke2 Kg5 74. Kf3 Kf5 75. Ke2 Ke4 76. Ke1 Ke3 77. Kf1 Kd2 78. Kg1 Ke2 79. Kh1 f3 80. gxf3 Kf2 81. f4 g2+ 82. Kh2 g1=Q+ 83. Kh3 Qg3# 0-1


[Site "https://www.chess.com"]

[Event "Titled Tuesday Blitz August 08 Early 2023"]
[White "TrompeterImEther"]
[Black "Goh, Wei Ming Kevin"]
[BlackFideId "5800706"]
[WhiteElo "2459"]
[BlackElo "2635"]
[Result "0-1"]
[Round "9"]
[TimeControl "180+1"]
[Date "2023.08.08"]
[WhiteClock "0:00:02"]
[BlackClock "0:00:32"]
[Board "89"]

1. e4 e6 2. d4 d5 3. Nc3 Bb4 4. e5 c5 5. a3 Bxc3+ 6. bxc3 Ne7 7. h4 Nbc6 8. h5 Qa5 9. Bd2 h6 10. Qg4 Kf8 11. a4 Qc7 12. Rh3 Nf5 13. Nf3 f6 14. Qf4 fxe5 15. dxe5 Qf7 16. g4 Nfe7 17. Nh4 Qxf4 18. Bxf4 Ke8 19. Bd3 Rf8 20. Bg3 Bd7 21. Kd2 Kd8 22. f4 Kc7 23. g5 Be8 24. Ng6 Nxg6 25. hxg6 c4 26. Be2 hxg5 27. Rh7 Rg8 28. Bh5 Ne7 29. fxg5 Bxg6 30. Bxg6 Nxg6 31. Ke3 Raf8 32. Rah1 Rf5 33. R1h5 Nxe5 34. Kd4 Kc6 35. Bxe5 Rf2 36. Bg3 Re2 37. Rh3 Re4# 0-1


[Site "https://www.chess.com"]

[Event "Titled Tuesday Blitz August 08 Early 2023"]
[White "Jeet, Jain"]
[Black "Kirillov, Dmitry"]
[WhiteFideId "5073022"]
[BlackFideId "34180572"]
[WhiteElo "2624"]
[BlackElo "2454"]
[Result "0-1"]
[Round "9"]
[TimeControl "180+1"]
[Date "2023.08.08"]
[WhiteClock "0:00:00"]
[BlackClock "0:00:46"]
[Board "90"]

1. d4 d5 2. Nf3 Nf6 3. Bf4 c5 4. e3 Nc6 5. c3 cxd4 6. exd4 g6 7. Nbd2 Bg7 8. Bd3 O-O 9. h3 Bf5 10. Bxf5 gxf5 11. g4 Qc8 12. Ne5 Nxe5 13. Bxe5 Ne4 14. Bxg7 Kxg7 15. Rg1 Kh8 16. Qf3 fxg4 17. Rxg4 f5 18. Rh4 Qe6 19. O-O-O Rac8 20. Rg1 Rg8 21. Re1 Qg6 22. Rh5 e6 23. Nxe4 dxe4 24. Qe2 b5 25. Kb1 Rgd8 26. h4 b4 27. Rg5 Qf6 28. Reg1 bxc3 29. Qh5 c2+ 30. Kc1 Rxd4 31. Qe2 Rb4 0-1


[Site "https://www.chess.com"]

[Event "Titled Tuesday Blitz August 08 Early 2023"]
[White "Hrbek, Stepan"]
[Black "HamedWafa4"]
[WhiteFideId "393479"]
[WhiteElo "2445"]
[BlackElo "2606"]
[Result "1-0"]
[Round "9"]
[TimeControl "180+1"]
[Date "2023.08.08"]
[WhiteClock "0:00:07"]
[BlackClock "0:00:00"]
[Board "92"]

1. d4 Nf6 2. Nf3 e6 3. Bf4 b6 4. e3 Bb7 5. Be2 Be7 6. h3 O-O 7. O-O d5 8. c4 Nbd7 9. Nc3 a6 10. cxd5 exd5 11. Ne5 Rc8 12. Rc1 c5 13. dxc5 bxc5 14. Bf3 Nb6 15. Qe2 Bd6 16. Bh2 Re8 17. Ng4 Bxh2+ 18. Kxh2 Ne4 19. Bxe4 dxe4 20. Kg1 f5 21. Nh2 Qd3 22. Qxd3 exd3 23. Rfd1 c4 24. Nf3 Bxf3 25. gxf3 Red8 26. Nb1 Na4 27. Rd2 f4 28. Na3 Nxb2 29. Rxb2 c3 30. Rbb1 c2 31. Nxc2 dxc2 32. Ra1 fxe3 33. fxe3 Rd2 34. Re1 Kf7 35. Rac1 Kf6 36. Rf1 Kg5 37. Rf2 Rd1+ 38. Rf1 Rd3 39. Kf2 Rd2+ 40. Kg3 h5 41. h4+ Kf5 42. Rf2 Rcd8 43. Rxc2 Rxf2 44. Kxf2 Rd3 45. Rc5+ Kg6 46. Ra5 Rd6 47. f4 Rb6 48. Kf3 Kh6 49. e4 Kg6 50. f5+ Kf6 51. Kf4 Rc6 52. e5+ Kf7 53. Kg5 Rb6 54. Kxh5 Kg8 55. Kg5 Kf7 56. h5 Rc6 57. e6+ Kg8 58. Kg6 Rb6 59. h6 gxh6 60. Kf6 Kf8 61. Ra3 h5 62. Rh3 Kg8 63. Rxh5 Rb8 64. Rg5+ Kf8 65. e7+ Ke8 66. Rg8+ Kd7 67. Rxb8 1-0


[Site "https://www.chess.com"]

[Event "Titled Tuesday Blitz August 08 Early 2023"]
[White "Warchol, Kamil"]
[Black "Bilan, Danila"]
[WhiteFideId "21858241"]
[BlackFideId "24161918"]
[WhiteElo "2444"]
[BlackElo "2587"]
[Result "1-0"]
[Round "9"]
[TimeControl "180+1"]
[Date "2023.08.08"]
[WhiteClock "0:00:09"]
[BlackClock "0:00:00"]
[Board "93"]

1. e4 c6 2. c4 d5 3. cxd5 cxd5 4. exd5 a6 5. Nc3 Nf6 6. Nf3 Nxd5 7. Bc4 e6 8. O-O Nxc3 9. bxc3 b5 10. Bb3 Bb7 11. d4 Be7 12. a4 Nd7 13. Qe2 O-O 14. Bd2 Bc6 15. Rfe1 Nb6 16. Ne5 Bd5 17. Bxd5 Qxd5 18. axb5 axb5 19. Rab1 Ra2 20. Qxb5 Rxd2 21. Qxb6 Qa2 22. Rf1 Bd8 23. Qd6 Rxf2 24. Rxf2 Qxb1+ 25. Rf1 Qe4 26. Nxf7 Bf6 27. Ne5 Qe3+ 28. Kh1 h6 29. Qxe6+ Kh7 30. Qf5+ Kg8 31. Qe6+ Kh7 32. Qf5+ Kg8 33. Qf3 Qd2 34. Ng6 Rd8 35. Nf4 Re8 36. Nh5 Rf8 37. Qd5+ Kh7 38. h3 Qe2 39. Nxf6+ gxf6 40. Qf3 Qd2 41. Qf5+ Kg7 42. Rf3 Qc1+ 43. Kh2 Kf7 44. Qd7+ Kg6 45. Rg3+ 1-0


[Site "https://www.chess.com"]

[Event "Titled Tuesday Blitz August 08 Early 2023"]
[White "Psychonerd5"]
[Black "Heinemann, Josefine"]
[BlackFideId "12900460"]
[WhiteElo "2430"]
[BlackElo "2587"]
[Result "0-1"]
[Round "9"]
[TimeControl "180+1"]
[Date "2023.08.08"]
[WhiteClock "0:00:00"]
[BlackClock "0:00:21"]
[Board "94"]

1. c4 g6 2. g3 c5 3. Bg2 Bg7 4. Nc3 Nc6 5. e3 d6 6. Nge2 e6 7. O-O Nge7 8. d4 O-O 9. b3 Rb8 10. Bb2 b6 11. Qc2 Bb7 12. d5 Nb4 13. Qd2 exd5 14. cxd5 Ba6 15. Rfd1 Nd3 16. Nf4 Nxb2 17. Qxb2 b5 18. b4 Bc8 19. Rac1 a5 20. a3 Bg4 21. f3 Bc8 22. Qb1 axb4 23. axb4 c4 24. e4 Qb6+ 25. Kh1 f5 26. Ne6 Bxe6 27. dxe6 Ra8 28. Nd5 Nxd5 29. Rxd5 fxe4 30. Qxe4 Qf2 31. e7 Rfe8 32. Rxd6 Ra2 33. Rg1 Re2 34. Qd5+ Kh8 35. Qxb5 R2xe7 36. Qxc4 Re1 37. Rd1 Rxg1+ 38. Rxg1 h5 0-1


[Site "https://www.chess.com"]

[Event "Titled Tuesday Blitz August 08 Early 2023"]
[White "Harriott, Tyrell"]
[Black "Zavgorodniy, Sergiy"]
[WhiteFideId "2086484"]
[BlackFideId "14110148"]
[WhiteElo "2428"]
[BlackElo "2581"]
[Result "0-1"]
[Round "9"]
[TimeControl "180+1"]
[Date "2023.08.08"]
[WhiteClock "0:00:13"]
[BlackClock "0:01:48"]
[Board "95"]

1. d4 d5 2. e3 Nf6 3. Bd3 c5 4. c3 e6 5. f4 g6 6. Nf3 Bg7 7. O-O b6 8. Nbd2 O-O 9. b3 Ba6 10. Bxa6 Nxa6 11. Bb2 Nc7 12. Ne5 Nce8 13. c4 cxd4 14. exd4 Rc8 15. Rc1 dxc4 16. bxc4 Nd6 17. Qe2 Nf5 18. Ndf3 Qd6 19. Rfd1 Rfd8 20. Kh1 h6 21. Rd2 Rc7 22. Rcd1 Rdc8 23. Qe1 Qb4 24. g4 Nd6 25. c5 bxc5 26. dxc5 Rxc5 27. Rxd6 Qxb2 28. Nd3 Qc3 29. Nfe5 Qxe1+ 30. Nxe1 Rc1 31. h3 Rxd1 32. Rxd1 Nd5 33. Ng2 Nxf4 34. Nxf4 Bxe5 35. Rf1 Bxf4 36. Rxf4 Rc1+ 37. Kg2 Rc2+ 38. Kf3 Rxa2 39. Rb4 Ra3+ 40. Kg2 Kg7 41. h4 g5 42. hxg5 hxg5 43. Rb7 a5 44. Rb5 Kg6 45. Rd5 exd5 46. Kh2 Rb3 47. Kg2 a4 48. Kf2 a3 49. Kg2 a2 50. Kh2 a1=Q 51. Kg2 Qa2+ 0-1


[Site "https://www.chess.com"]

[Event "Titled Tuesday Blitz August 08 Early 2023"]
[White "vishwa_vijeta"]
[Black "Cheer_Down"]
[WhiteElo "2570"]
[BlackElo "2422"]
[Result "1-0"]
[Round "9"]
[TimeControl "180+1"]
[Date "2023.08.08"]
[WhiteClock "0:00:04"]
[BlackClock "0:00:00"]
[Board "97"]

1. e4 e5 2. Nf3 Nc6 3. d4 exd4 4. Bc4 Nf6 5. Ng5 d5 6. exd5 Qe7+ 7. Qe2 Qxe2+ 8. Kxe2 Ne5 9. Bb3 h6 10. Nf3 Bg4 11. Bf4 Bxf3+ 12. gxf3 Bd6 13. Nd2 O-O-O 14. Ne4 Rhe8 15. Rhe1 Ng6 16. Bxd6 Nxe4 17. fxe4 Rxe4+ 18. Kd3 Rxe1 19. Rxe1 cxd6 20. Kxd4 Ne5 21. Re3 g5 22. c4 b6 23. Rh3 Rh8 24. Bc2 Kd7 25. b4 h5 26. c5 h4 27. Re3 f6 28. Bf5+ Kc7 29. Ra3 Ra8 30. Ra6 Kb7 31. Ra3 Kc7 32. Rh3 a5 33. cxb6+ Kxb6 34. Rb3 a4 35. Rc3 a3 36. Rb3 Ra4 37. Be6 Kb5 38. Kc3 Ra7 39. Kd4 Rc7 40. Rc3 1-0


[Site "https://www.chess.com"]

[Event "Titled Tuesday Blitz August 08 Early 2023"]
[White "Toropov, Pavel"]
[Black "Llanos, Guillermo"]
[WhiteFideId "24129178"]
[BlackFideId "100358"]
[WhiteElo "2569"]
[BlackElo "2419"]
[Result "1-0"]
[Round "9"]
[TimeControl "180+1"]
[Date "2023.08.08"]
[WhiteClock "0:00:08"]
[BlackClock "0:00:12"]
[Board "98"]

1. e4 Nf6 2. e5 Nd5 3. d4 d6 4. exd6 cxd6 5. c4 Nb6 6. Nc3 g6 7. h3 Bg7 8. Nf3 O-O 9. Be3 Nc6 10. Be2 Bf5 11. O-O d5 12. c5 Nc4 13. Bxc4 dxc4 14. Qa4 Bd3 15. Rfd1 Qe8 16. b3 e5 17. bxc4 exd4 18. Rxd3 dxc3 19. Rad1 Ne5 20. Qxe8 Nxf3+ 21. gxf3 Rfxe8 22. Rd7 Rab8 23. Kf1 Rec8 24. Ke2 b6 25. c6 c2 26. Rc1 Rxc6 27. Rxc2 a6 28. Ra7 a5 29. Ra6 Bf8 30. c5 Bxc5 31. Rxc5 Rxc5 32. Bxc5 bxc5 33. Rxa5 Rc8 34. Kd3 c4+ 35. Kc3 Kg7 36. Ra4 Kf6 37. Rxc4 Re8 38. Rd4 Re2 39. Rd2 Re1 40. a4 Ra1 41. Kb3 Rb1+ 42. Rb2 Ra1 43. Ra2 Rb1+ 44. Kc4 Rb8 45. a5 Kf5 46. a6 Kf4 47. Ra3 Rc8+ 48. Kd5 f5 49. a7 g5 50. a8=Q Rxa8 51. Rxa8 Kxf3 52. Ke5 f4 53. Rh8 Kxf2 54. Rxh7 Kg3 55. Ke4 f3 56. Rf7 f2 57. Ke3 Kxh3 58. Kxf2 g4 59. Kg1 Kg3 60. Ra7 1-0


[Site "https://www.chess.com"]

[Event "Titled Tuesday Blitz August 08 Early 2023"]
[White "Shvedova, Alexandra"]
[Black "Qiao, Cindy"]
[WhiteFideId "54154782"]
[BlackFideId "2620243"]
[WhiteElo "2560"]
[BlackElo "2402"]
[Result "1-0"]
[Round "9"]
[TimeControl "180+1"]
[Date "2023.08.08"]
[WhiteClock "0:00:52"]
[BlackClock "0:00:00"]
[Board "99"]

1. Nf3 d5 2. g3 Nf6 3. Bg2 e6 4. O-O Be7 5. c4 dxc4 6. Qa4+ Bd7 7. Qxc4 Bc6 8. Qc2 O-O 9. Nc3 Nbd7 10. d3 Nb6 11. b3 Re8 12. Bb2 Nbd5 13. a3 Nxc3 14. Bxc3 h6 15. Bb2 a5 16. Rac1 a4 17. b4 Bd6 18. e4 e5 19. Nd2 Bb5 20. Nc4 Qe7 21. Rfd1 Red8 22. d4 exd4 23. Bxd4 Bxc4 24. Qxc4 Be5 25. Bc5 Qe8 26. h3 g5 27. Be3 c6 28. f4 gxf4 29. gxf4 Bc7 30. e5 Nh5 31. Qe2 Ng7 32. Qg4 Qe6 33. Qg3 Kh8 34. Bf2 Nf5 35. Qc3 Rg8 36. Kh2 Kh7 37. Be4 Rg6 38. Qd3 Ne7 39. Bxg6+ fxg6 40. Qd7 Qf7 41. Qxc7 Qxf4+ 42. Bg3 1-0


[Site "https://www.chess.com"]

[Event "Titled Tuesday Blitz August 08 Early 2023"]
[White "Unat, Can Haktan"]
[Black "Buscar, Michael"]
[WhiteFideId "6398073"]
[BlackFideId "2603616"]
[WhiteElo "2539"]
[BlackElo "2397"]
[Result "0-1"]
[Round "9"]
[TimeControl "180+1"]
[Date "2023.08.08"]
[WhiteClock "0:00:05"]
[BlackClock "0:00:12"]
[Board "100"]

1. Nf3 d5 2. c4 e6 3. g3 Nf6 4. Bg2 c5 5. O-O Nc6 6. cxd5 exd5 7. d4 Be7 8. Nc3 O-O 9. Bg5 c4 10. Ne5 Be6 11. Nxc6 bxc6 12. e4 Nxe4 13. Bxe7 Nxc3 14. Bxd8 Nxd1 15. Be7 Nxb2 16. Bxf8 Rxf8 17. Rab1 Rb8 18. Rfe1 g6 19. Re2 c3 20. Rc1 Nd3 21. Rd1 Rb2 22. Re3 Nxf2 23. Rc1 Nh3+ 24. Bxh3 Bxh3 25. Rexc3 Rg2+ 26. Kh1 Rxa2 27. Rxc6 Bg2+ 28. Kg1 Be4 29. Rc8+ Kg7 30. R1c7 a5 31. Ra8 Rg2+ 32. Kf1 Rxh2 33. Raa7 h5 34. Rxf7+ Kh6 35. g4 Rh1+ 36. Kf2 Rh2+ 37. Ke3 Rh3+ 38. Kf2 hxg4 39. Rh7+ Kg5 40. Rxh3 gxh3 41. Kg3 Bg2 42. Rxa5 Kf5 43. Ra6 g5 44. Ra8 Ke4 45. Rg8 Kxd4 46. Rg6 Ke3 47. Rxg5 d4 48. Rg8 d3 49. Re8+ Kd2 50. Rd8 Ke2 51. Re8+ Kd1 52. Rd8 d2 53. Rd6 Kc1 54. Kh2 d1=Q 55. Re6 Qh1+ 56. Kg3 Bd5 57. Kf2 Bxe6 58. Kg3 Qg2+ 59. Kh4 h2 60. Kh5 h1=Q# 0-1


[Site "https://www.chess.com"]

[Event "Titled Tuesday Blitz August 08 Early 2023"]
[White "Luong Phuong Hanh"]
[Black "ArtemDyachuk"]
[WhiteFideId "12401013"]
[WhiteElo "2392"]
[BlackElo "2535"]
[Result "0-1"]
[Round "9"]
[TimeControl "180+1"]
[Date "2023.08.08"]
[WhiteClock "0:00:22"]
[BlackClock "0:00:28"]
[Board "101"]

1. d4 Nf6 2. Nf3 e6 3. e3 c5 4. Bd3 b6 5. O-O Bb7 6. c4 cxd4 7. exd4 Be7 8. Nc3 d5 9. cxd5 Nxd5 10. Ne5 O-O 11. Qg4 Nf6 12. Qg3 Qxd4 13. Ne2 Qd5 14. Bc4 Qc5 15. Be3 Qa5 16. Bd4 Nc6 17. Nxc6 Bxc6 18. Nf4 e5 19. Bxe5 Qxe5 20. Ng6 Qc5 21. Rac1 hxg6 22. Bxf7+ Rxf7 23. Rxc5 Bxc5 24. Qxg6 Raf8 25. h4 Bb5 26. Rd1 Be8 27. Qc2 Ng4 28. Qb3 Nxf2 29. Rd8 Ng4+ 30. Kh1 Kh8 31. g3 Bc6+ 0-1


[Site "https://www.chess.com"]